[Event "*** Titled Tuesday Blitz AM"]
[Site "Chess.com"]
[Date "2020.01.07"]
[Round "6"]
[White "Colombiano07"]
[Black "Oligan22"]
[Result "0-1"]
[WhiteElo "2170"]
[BlackElo "2470"]
[TimeControl "180+2"]
[EndTime "10:18:12 PST"]
[Termination "Oligan22 won by resignation"]

1. Nf3 d5 2. b3 Bg4 3. e3 c6 4.
Bb2 Nd7 5. Be2 Ngf6 6. O-O e6 7.
c4 Bd6 8. d3 O-O 9. Nbd2 b5 10.
e4 bxc4 11. bxc4 Rb8 12. Rb1 Qc7 13. h3 Bh5 14. Re1 Bb4 15. Qc1 Rfc8 16. Bc3 c5 17.
cxd5 Bxc3 18. Qxc3 exd5 19. Rxb8 Rxb8 20. e5 Ne8 21. d4 c4 22. Nf1 Bg6 23. Ne3 Qb7 24. Nh4 Nc7 25. Bf3 Bd3 26. Nhf5 Nb6 27. Be2 Na4 28. Qa5 Nb2 29. Nxd5 Nxd5 30. Bxd3 Nxd3 0-1

[Event "*** Titled Tuesday Blitz AM"]
[Site "Chess.com"]
[Date "2020.01.07"]
[Round "6"]
[White "MITerryble"]
[Black "GMHess"]
[Result "1-0"]
[WhiteElo "2947"]
[BlackElo "2729"]
[TimeControl "180+2"]
[EndTime "10:18:13 PST"]
[Termination "MITerryble won by resignation"]

1. d4 d6 2. Nf3 g6 3. e4 Bg7 4. Bc4 c6 5. O-O d5 6. exd5 cxd5 7. Bb5+ Bd7 8. Qe2 Bxb5 9. Qxb5+ Qd7 10. a4 a6 11. Qd3 Nc6 12. c3 Nf6 13. Nbd2 O-O 14. Re1 Qf5 15. Qxf5 gxf5 16. Nb3 Ne4 17. Bf4 b5 18.
Rec1 Rfd8 19. h3 e6 20. Ne1 b4 21. Nd3 bxc3 22. bxc3 Nxc3 23. Rxc3 Nxd4 24. Nxd4 Bxd4 25. Be5 Bxc3 26. Bxc3 Rdc8 27. Bf6 h6 28. Ne5 Rab8 29. Ra3 f4 30. g3 d4 31. Rf3 Rc1+ 32. Kg2 fxg3 33.
Rxg3+ Kf8 34. Nd7+ 1-0

[Event "*** Titled Tuesday Blitz AM"]
[Site "Chess.com"]
[Date "2020.01.07"]
[Round "6"]
[White "allvim"]
[Black "Angry_Serb"]
[Result "0-1"]
[WhiteElo "2336"]
[BlackElo "2629"]
[TimeControl "180+2"]
[EndTime "10:18:17 PST"]
[Termination "Angry_Serb won by resignation"]

1. e4 e5 2. Nf3 d6 3. Bc4 Be7 4. d4 exd4 5. Nxd4 Nf6 6. Nc3 O-O 7. O-O c6 8. a4 Re8 9. h3 a5 10. Re1 Bf8 11. Bg5 Nbd7 12. Nf5 Ne5 13. Bb3 Bxf5 14. exf5 d5 15. Ne2 h6 16. Bh4 Be7 17. Ng3 Qd6 18. Bxf6 Bxf6 19. Ne4 Qd8 20. Nxf6+ Qxf6 21. Qh5 Nd7 22.
c3 Re5 23. Rxe5 Qxe5 24. Rd1 Re8 25. Qf3 Nc5 26. Bc2 Qe2 27. Qxe2 Rxe2 28. Rc1 Ne4 29. Bxe4 Rxe4 30. b3 Kf8 31. Kf1 Ke7 32. Re1 Rxe1+ 33. Kxe1 Kf6 34. g4 Kg5 35. b4 axb4 36. cxb4 Kh4 37.
Ke2 Kxh3 38. Kf3 d4 39. Kf4 d3 40. Ke3 Kxg4 41. Kxd3 Kxf5 42. Ke3 h5 43. Kf3 h4 0-1

[Event "*** Titled Tuesday Blitz AM"]
[Site "Chess.com"]
[Date "2020.01.07"]
[Round "6"]
[White "MikeSailer"]
[Black "VeraNebolsina"]
[Result "1/2-1/2"]
[WhiteElo "2112"]
[BlackElo "2320"]
[TimeControl "180+2"]
[EndTime "10:18:19 PST"]
[Termination "Game drawn by repetition"]

1. b4 e5 2. Bb2 d6 3. e3 Nd7 4. Nf3 g6 5. Be2 Bg7 6. O-O Ngf6 7. c4 O-O 8. d4 e4 9. Nfd2 Re8 10. Nc3 Nf8 11. a4 h5 12. a5 Bf5 13. d5 N8h7 14.
Nb3 Ng5 15. a6 b6 16. Nb5 Ng4 17. Bxg7 Kxg7 18. N5d4 Ne5 19. Nxf5+ gxf5 20. Nd4 Qf6 21. c5 dxc5 22. bxc5 Rad8 23. d6 bxc5 24. dxc7 cxd4 25.
cxd8=Q Rxd8 26. exd4 Rxd4 27. Qb3 Rd2 28. Qe3 Rxe2 29.
Qxe2 Ngf3+ 30. Kh1 Nxh2 31. Qxh5 Nhg4 32. f3 exf3 33.
gxf3 Nxf3 34. Rxf3 Qxa1+ 35. Kg2 Qb2+ 36. Kg3 Qe5+ 37.
Kg2 Qe2+ 38. Kg3 Qe1+ 39. Kg2 Qe2+ 40. Kg3 Qe1+ 41. Kg2 Qe2+ 1/2-1/2

[Event "*** Titled Tuesday Blitz AM"]
[Site "Chess.com"]
[Date "2020.01.07"]
[Round "6"]
[White "attack2mateU"]
[Black "Orest_Vovk"]
[Result "1-0"]
[WhiteElo "2711"]
[BlackElo "2416"]
[TimeControl "180+2"]
[EndTime "10:18:20 PST"]
[Termination "attack2mateU won by resignation"]

1. e4 Nc6 2. Nf3 d5 3. exd5 Qxd5 4. Nc3 Qa5 5. Bb5 Bd7 6. d4 O-O-O 7. d5 Nb4 8. Bxd7+ Rxd7 9. Ne5 Nxd5 10. Nxd7 Nxc3 11. Qd2 Qa4 12. Nxf8 Qe4+ 13. Kf1 Nd5 14. Qe2 Qxe2+ 15. Kxe2 Ngf6 16. Nxh7 Rxh7 17. f3 Rh5 18. c4 Re5+ 19. Kf2 Nb4 20. Rd1 Nd7 21. a3 Nc2 22. Ra2 c5 23. b4 Nd4 24. Rad2 Rh5 25. Bb2 e5 26. bxc5 Nxc5 27. Bxd4 exd4 28. Rxd4 Rxh2 29. Rd8+ Kc7 30. Rf8 f6 31. Rf7+ Kb6 32. Rxg7 Rh6 33. Rd6+ Ka5 34. Rc7 Rh5 35. Rd5 Rxd5 36. cxd5 Ka4 37. Rxc5 1-0

[Event "*** Titled Tuesday Blitz AM"]
[Site "Chess.com"]
[Date "2020.01.07"]
[Round "6"]
[White "KhazarBabazada"]
[Black "Rikikits"]
[Result "1/2-1/2"]
[WhiteElo "2909"]
[BlackElo "2721"]
[TimeControl "180+2"]
[EndTime "10:18:21 PST"]
[Termination "Game drawn by repetition"]

1. e4 c5 2. Nf3 Nc6 3. d4 cxd4 4. Nxd4 Qb6 5. Nb3 Nf6 6. Nc3 e6 7. Be3 Qc7 8. a3 a6 9. Be2 d6 10. O-O b5 11. g4 Bb7 12. f4 Be7 13. g5 Nd7 14.
Qe1 Nc5 15. Rd1 Nxb3 16. cxb3 Na5 17. f5 Nxb3 18. Qg3 e5 19. f6 gxf6 20. gxf6 Bf8 21. Bg4 Na5 22. Rc1 Nc4 23. b3 Nxe3 24. Nd5 Nxd5 25. Rxc7 Nxc7 26. Rc1 Ne6 27. Bxe6 fxe6 28. Qe3 Rg8+ 29. Kf2 Rg4 30. Rc7 Rf4+ 31. Kg3 Bxe4 32. f7+ Kd8 33. Qb6 Rf3+ 34. Kg4 Rf4+ 35. Kg3 Rf3+ 36. Kg4 Rf4+ 37. Kh3 Rf3+ 38. Kg4 1/2-1/2

[Event "*** Titled Tuesday Blitz AM"]
[Site "Chess.com"]
[Date "2020.01.07"]
[Round "6"]
[White "Sjakkerntobi"]
[Black "GianmarcoVaR"]
[Result "0-1"]
[WhiteElo "2271"]
[BlackElo "2571"]
[TimeControl "180+2"]
[EndTime "10:18:22 PST"]
[Termination "GianmarcoVaR won by checkmate"]

1. e4 c6 2. Nf3 d5 3. Nc3 Bg4 4. h3 Bxf3 5. Qxf3 e6 6. g3 Bb4 7. d3 Qa5 8. Bd2 d4 9. Nb1 Qb6 10. b3 a5 11. Qg4 g6 12. c3 dxc3 13. Nxc3 a4 14. a3 axb3 15. Rb1 Rxa3 16. Be2 Qd4 17. O-O Bxc3 18. Be3 Qd6 19. Bf4 Be5 20. Bc1 Ra2 21. f4 Bd4+ 22. Kh1 b2 23. Bd2 Ra1 24. f5 exf5 25.
exf5 Nf6 26. Qh4 O-O 27. Bg5 Nbd7 28. Bg4 Nxg4 29. hxg4 Nf6 30. Kg2 Qd5+ 31. Kh3 Rxb1 32. Rxb1 Qa2 33. Rxb2 Qxb2 34. Bxf6 Bxf6 35. g5 Qc1 36.
gxf6 Qh1+ 37. Kg4 Qxh4+ 38. Kxh4 gxf5 39. Kg5 b5 40. Kh6 b4 41. g4 b3 42. g5 b2 43. g6 b1=Q 44. gxh7+ Kh8 45. d4 Qg1 46. d5 Qg6# 0-1

[Event "*** Titled Tuesday Blitz AM"]
[Site "Chess.com"]
[Date "2020.01.07"]
[Round "6"]
[White "Msb2"]
[Black "FairChess_on_YouTube"]
[Result "0-1"]
[WhiteElo "2878"]
[BlackElo "3011"]
[TimeControl "180+2"]
[EndTime "10:18:26 PST"]
[Termination "FairChess_on_YouTube won by resignation"]

1. d4 e6 2. c4 Bb4+ 3. Bd2 a5 4. g3 d5 5. Qc2 dxc4 6. Qxc4 Qd5 7. Qxd5 exd5 8. Bg2 c6 9. a3 Bxd2+ 10. Kxd2 a4 11. Nc3 Nf6 12. f3 Nbd7 13. e4 Nb6 14. Re1 dxe4 15. fxe4 Bg4 16. h3 Bh5 17. g4 Bg6 18. Nge2 O-O-O 19. Kc1 Rhe8 20. e5 Nfd5 21. Bxd5 Nxd5 22.
Nxa4 f6 23. Nac3 fxe5 24. dxe5 Rxe5 25. Nxd5 Rexd5 26. Nc3 Rd2 27. Re2 Rxe2 28. Nxe2 Be4 29. Rd1 g5 30. Rxd8+ Kxd8 31. Kd2 Bg2 32. Ng1 Ke7 33.
Ke3 Kd6 34. Kf2 Bd5 35. Kg3 Kc5 36. h4 gxh4+ 37. Kxh4 Kc4 38. Kg5 Kb3 39. Kh6 Kxb2 40. Kxh7 c5 41. g5 c4 42. a4 c3 43. Ne2 Bc4 0-1

[Event "*** Titled Tuesday Blitz AM"]
[Site "Chess.com"]
[Date "2020.01.07"]
[Round "6"]
[White "Bulldog167"]
[Black "NZT72"]
[Result "1-0"]
[WhiteElo "2721"]
[BlackElo "2528"]
[TimeControl "180+2"]
[EndTime "10:18:26 PST"]
[Termination "Bulldog167 won on time"]

1. e4 e5 2. f4 d5 3. exd5 exf4 4. Nf3 Nf6 5. Bc4 Nxd5 6. O-O Be7 7. Bxd5 Qxd5 8.
Nc3 Qf5 9. d4 O-O 10. Ne5 Bg5 11. Nd5 Nc6 12. Bxf4 Bxf4 13. Nxc6 Bxh2+ 14. Kxh2 Qg5 15. Nxc7 Bg4 16. Qe1 bxc6 17. Nxa8 Rxa8 18. Qe5 Qg6 19.
Rae1 Be6 20. b3 h6 21. c4 Rd8 22. Rf3 Qg4 23. Rg3 Qh4+ 24. Kg1 g6 25. Re4 Qe7 26. Kh2 Kh7 27. d5 cxd5 28. cxd5 1-0

[Event "*** Titled Tuesday Blitz AM"]
[Site "Chess.com"]
[Date "2020.01.07"]
[Round "6"]
[White "PIwan"]
[Black "Martins-BR"]
[Result "1-0"]
[WhiteElo "2522"]
[BlackElo "2360"]
[TimeControl "180+2"]
[EndTime "10:18:27 PST"]
[Termination "PIwan won by resignation"]

1. c4 f5 2. Nc3 Nf6 3. d4 d6 4. g3 g6 5. Bg2 Bg7 6. Nf3 O-O 7. O-O c6 8. Qc2 Na6 9. Rd1 Nb4 10. Qb3 a5 11. d5 Bd7 12. Nd4 cxd5 13. cxd5 Rb8 14. h3 Na6 15. Ne6 Bxe6 16. dxe6 Nc5 17. Qc4 Qc8 18. Nd5 Nxd5 19. Bxd5 b5 20. Qc2 Na6 21. Qxc8 Rfxc8 22. Bg5 Kf8 23. Rac1 Nb4 24. Bb7 Rxc1 25. Rxc1 Bxb2 26. Rc7 Re8 27. Kg2 d5 28. Bc8 Bg7 29. Bd7 Rb8 30. a4 bxa4 31. Bxa4 Bf6 32. Bxf6 exf6 33. e7+ 1-0

[Event "*** Titled Tuesday Blitz AM"]
[Site "Chess.com"]
[Date "2020.01.07"]
[Round "6"]
[White "INLOVEWITHF"]
[Black "arjwezhrtdrz"]
[Result "1-0"]
[WhiteElo "2462"]
[BlackElo "2284"]
[TimeControl "180+2"]
[EndTime "10:18:27 PST"]
[Termination "INLOVEWITHF won by resignation"]

1. d4 d6 2. e4 Nf6 3. Nc3 c6 4.
f4 Bg4 5. Nf3 Nbd7 6. h3 Bxf3 7.
Qxf3 e5 8. Be3 Be7 9. O-O-O Qc7 10. g4 O-O-O 11. g5 Ng8 12. Bc4 f6 13. h4 Kb8 14.
Bb3 h6 15. g6 exd4 16. Bxd4 Nc5 17. Bxc5 dxc5 18. Rxd8+ Bxd8 19. Rd1 Ne7 20. Qg4 f5 21. exf5 Rf8 22. Be6 Nd5 23. Bxd5 cxd5 24. Nxd5 Qa5 25. Kb1 a6 26. a3 c4 27. Qe2 Qc5 28. Qe5+ Ka7 29.
Qxg7 Rxf5 30. Qd4 Qxd4 31. Rxd4 Rf8 32. h5 b5 33. Ne7 Bxe7 34. Rd7+ Kb6 35. Rxe7 Rxf4 36.
g7 Rg4 37. Re6+ Ka5 38. Rg6 1-0

[Event "*** Titled Tuesday Blitz AM"]
[Site "Chess.com"]
[Date "2020.01.07"]
[Round "6"]
[White "mohssenbinaddi"]
[Black "KerryStead"]
[Result "1-0"]
[WhiteElo "2218"]
[BlackElo "2051"]
[TimeControl "180+2"]
[EndTime "10:18:27 PST"]
[Termination "mohssenbinaddi won by checkmate"]

1. d4 c5 2. d5 f5 3. g4 fxg4 4. e4 d6 5. h3 gxh3 6. Nxh3 Nf6 7. Nc3 g6 8. Nf4 a6 9. Bh3 Bxh3 10. Rxh3 Bg7 11.
Ne6 Qa5 12. Nxg7+ Kf7 13. Ne6 Nbd7 14. Ng5+ Kg7 15. Bd2 Ne5 16. Qe2 b5 17. b3 b4 18.
Na4 Qb5 19. f4 Nf7 20. Ne6+ Kg8 21. Qd3 Qxd3 22. cxd3 h5 23. O-O-O Nh6 24. Rg1 Nfg4 25. f5 Kf7 26. fxg6+ Kxg6 27. Nf4+ Kf7 28. Nxh5 Rag8 29. Rf3+ Ke8 30. Rfg3 Nf6 31. Nxf6+ exf6 32. Bxh6 Rxg3 33.
Rxg3 Rxh6 34. Nb6 Rh2 35. Nc4 Rxa2 36. Rg7 a5 37. Ra7 a4 38. Rxa4 Rh2 39. Nxd6+ Kd7 40. Nb7 Rf2 41. Ra6 f5 42. Nxc5+ Ke7 43. e5 f4 44. d6+ Ke8 45. e6 Re2 46. Ra8# 1-0

[Event "*** Titled Tuesday Blitz AM"]
[Site "Chess.com"]
[Date "2020.01.07"]
[Round "6"]
[White "JozefKneht"]
[Black "MixMasterChess"]
[Result "1-0"]
[WhiteElo "2400"]
[BlackElo "2135"]
[TimeControl "180+2"]
[EndTime "10:18:34 PST"]
[Termination "JozefKneht won by resignation"]

1. d4 d6 2. Bf4 f5 3. e3 Nf6 4.
Nf3 g6 5. h3 Bg7 6. Be2 O-O 7.
O-O Qe8 8. c4 Kh8 9. Nc3 Be6 10.
Bh2 Bg8 11. Rc1 Nbd7 12. b4 e5 13. Nb5 e4 14. Nd2 Qd8 15. c5 a6 16. Na3 dxc5 17.
bxc5 Nd5 18. Nac4 Nb8 19. Na5 Nc6 20. Nxc6 bxc6 21. Qa4 Qe8 22. Nc4 f4 23. Bd1 f3 24.
g4 h5 25. Ne5 hxg4 26. hxg4 Qe6 27. Qxc6 Nf6 28. Nxg6+ Kh7 29. Nxf8+ Rxf8 30. Qxe6 Bxe6 31.
g5 Ng4 32. Bc2 Bf5 33. Bxc7 Kg6 34. Bf4 Rh8 35. Ba4 1-0

[Event "*** Titled Tuesday Blitz AM"]
[Site "Chess.com"]
[Date "2020.01.07"]
[Round "6"]
[White "FedaMaster"]
[Black "lestri"]
[Result "0-1"]
[WhiteElo "2441"]
[BlackElo "2635"]
[TimeControl "180+2"]
[EndTime "10:18:38 PST"]
[Termination "lestri won by checkmate"]

1. e4 d6 2. d4 Nf6 3. Nc3 e5 4. Nf3 Nbd7 5. Bc4 Be7 6. Ng5 O-O 7. Bxf7+ Rxf7 8. Ne6 Qe8 9. Nxc7 Qd8 10. Nxa8 b5 11.
dxe5 Nxe5 12. f4 Bg4 13. Qd2 Nc4 14. Qd4 Qxa8 15. O-O Qc6 16. h3 Bd7 17. Nd5 Nxd5 18. exd5 Qc7 19. Qf2 Bf6 20. c3 a5 21. Kh1 b4 22.
cxb4 axb4 23. Rd1 Bf5 24. Bd2 Nxb2 25. Rdc1 Nd3 26. Qe3 Nxc1 27. Rxc1 Qb8 28. Qe2 Re7 29. Qh5 g6 30. Qf3 Be4 31. Qb3 Qb5 32. Bxb4 Bxd5 33. Qa3 Qe2 34. Rg1 Bd4 35. Qa5 Qh5 36. Qd8+ Kf7 37.
Qc8 Bxg1 38. Bxd6 Qd1 39. Bxe7 Bf2+ 40. Kh2 Qg1# 0-1

[Event "*** Titled Tuesday Blitz AM"]
[Site "Chess.com"]
[Date "2020.01.07"]
[Round "6"]
[White "2165149677570"]
[Black "lrestevez"]
[Result "1-0"]
[WhiteElo "2304"]
[BlackElo "2124"]
[TimeControl "180+2"]
[EndTime "10:18:38 PST"]
[Termination "2165149677570 won by resignation"]

1. e4 e5 2. Nf3 Nc6 3. d4 exd4 4. Bc4 Nf6 5. O-O d6 6. Nxd4 Be7 7. Nc3 O-O 8. h3 Nxd4 9. Qxd4 Be6 10. Rd1 Qc8 11. Bg5 h6 12. Bh4 Rd8 13. Rd3 c6 14. Rg3 Bxc4 15.
Bxf6 Bxf6 16. Qxf6 g6 17. Rd1 Qe6 18. Qf4 Kh7 19. b3 Ba6 20. h4 Rd7 21. h5 g5 22.
Qe3 b6 23. Rf3 Re8 24. Qd4 Qe5 25. Rf5 Qxd4 26. Rxd4 Bc8 27. e5 Rxe5 28. Rf6 Re6 29. Ne4 Kg7 30. Rxe6 fxe6 31. Rxd6 Rxd6 32. Nxd6 Bd7 33.
g3 Kf6 34. f4 gxf4 35. gxf4 Ke7 36. Ne4 c5 37. Kf2 Bc6 38. Ke3 Bxe4 39. Kxe4 Kf6 40. c4 a6 41. a3 b5 42. cxb5 axb5 43. a4 c4 44. a5 cxb3 45. Kd3 Kf5 46. a6 Kxf4 47.
a7 1-0

[Event "*** Titled Tuesday Blitz AM"]
[Site "Chess.com"]
[Date "2020.01.07"]
[Round "6"]
[White "chigorin28"]
[Black "Alex_Molchanov"]
[Result "1-0"]
[WhiteElo "2419"]
[BlackElo "2564"]
[TimeControl "180+2"]
[EndTime "10:18:39 PST"]
[Termination "chigorin28 won by resignation"]

1. e4 c5 2. Nf3 d6 3. c3 Qa5 4. Bd3 Nc6 5. Bc2 e6 6. O-O Nf6 7. Re1 Be7 8. d4 O-O 9. e5 Ne8 10. Qd3 g6 11. Bh6 Ng7 12. exd6 Bxd6 13. Nbd2 cxd4 14.
Nc4 Qd5 15. Nxd6 Qxd6 16. Qe4 Rd8 17. cxd4 Qd5 18. Qh4 Bd7 19. Rad1 Qh5 20. Qf4 Nb4 21. Bb3 Qf5 22. Qc7 Bc6 23. Ne5 Na6 24. Qe7 Re8 25.
Qh4 Qh5 26. Qf4 Qf5 27. Qd2 Rad8 28. Nxc6 bxc6 29. Qe2 Nc7 30. Rd3 Nd5 31. Qd2 Qg4 32. h3 Qh5 33. g4 Qh4 34. Bg5 Qxg5 35. Qxg5 h6 36. Qd2 g5 37. Bxd5 exd5 38. Rde3 Ne6 39. Re5 Kg7 40. Qc2 Rd6 41. Qc3 Rb8 42. b3 Nf4 43.
Rf5 Nxh3+ 44. Qxh3 1-0

[Event "*** Titled Tuesday Blitz AM"]
[Site "Chess.com"]
[Date "2020.01.07"]
[Round "6"]
[White "Indianlad"]
[Black "Peroncio"]
[Result "1/2-1/2"]
[WhiteElo "2923"]
[BlackElo "2756"]
[TimeControl "180+2"]
[EndTime "10:18:40 PST"]
[Termination "Game drawn by repetition"]

1. d4 e6 2. Nf3 f5 3. g3 Nf6 4. Bg2 d5 5. O-O Bd6 6. b3 O-O 7. Ba3 b6 8. Bxd6 cxd6 9. c4 Bb7 10. Nbd2 Qd7 11. Rc1 a5 12. a3 Ne4 13. e3 Nc6 14.
cxd5 exd5 15. Nb1 Rac8 16. Nc3 Ba6 17. Re1 Ne7 18. Ne2 Rxc1 19. Nxc1 Rc8 20. Bf1 Bxf1 21. Kxf1 Rc3 22. Kg2 Qc6 23. Nd3 Rc2 24. Re2 Rxe2 25. Qxe2 Qc3 26. b4 Qxa3 27. bxa5 bxa5 28. Nf4 Kf7 29.
h4 h6 30. h5 Qb3 31. Qa6 Qc2 32. Nd3 a4 33. Nh4 Qc4 34. Qa7 Kf6 35. Ng6 Nxg6 36. hxg6 Qxd3 37. Qf7+ Kg5 38. Qxg7 Qe2 39. Qe7+ Kxg6 40.
Qe8+ Kg5 41. Qe7+ Kg6 42. Qe8+ Kf6 43. Qf8+ Kg6 44. Qg8+ Kf6 45. Qf8+ Kg6 46. Qg8+ Kf6 47. Qf8+ 1/2-1/2

[Event "*** Titled Tuesday Blitz AM"]
[Site "Chess.com"]
[Date "2020.01.07"]
[Round "6"]
[White "Anna_ChessMate"]
[Black "AntonSmirnov"]
[Result "0-1"]
[WhiteElo "2587"]
[BlackElo "2886"]
[TimeControl "180+2"]
[EndTime "10:18:41 PST"]
[Termination "AntonSmirnov won by resignation"]

1. d4 d5 2. c4 c6 3. Nc3 dxc4 4. Nf3 b5 5. a4 b4 6. Nb1 Nf6 7. e3 Ba6 8. Qc2 e6 9. Bxc4 Bxc4 10. Qxc4 Qd5 11. Nbd2 Be7 12. O-O O-O 13. Qc2 Rc8 14. Nb3 c5 15. dxc5 Nbd7 16. Rd1 Qb7 17. Bd2 Bxc5 18.
Nxc5 Nxc5 19. Be1 a5 20. Qe2 h6 21. Nd4 Rd8 22. f3 Nd5 23. e4 Nf4 24. Qe3 Nfd3 25. Bg3 Nxb2 26. Rdc1 Nbd3 27. Rd1 b3 28. Rab1 b2 29.
Nb5 e5 30. Nc3 Qb3 31. Nd5 f5 32. Bxe5 Nxe5 33. Qxc5 Rac8 34. Ne7+ Kh7 35. Qxe5 Rxd1+ 36. Kf2 Rd2+ 37. Kg3 Rf8 38. Nxf5 Rf7 39. h4 Rxg2+ 40. Kxg2 Qc2+ 41. Kg3 Qxb1 42. Nd6 Qg1+ 0-1

[Event "*** Titled Tuesday Blitz AM"]
[Site "Chess.com"]
[Date "2020.01.07"]
[Round "6"]
[White "manmanlai1"]
[Black "sganerdene"]
[Result "1-0"]
[WhiteElo "2380"]
[BlackElo "2641"]
[TimeControl "180+2"]
[EndTime "10:18:44 PST"]
[Termination "manmanlai1 won by resignation"]

1. e4 c5 2. Nf3 e6 3. g3 Nc6 4. Bg2 g6 5. d4 cxd4 6. Nxd4 a6 7. O-O Bg7 8. Nxc6 bxc6 9. f4 Ne7 10. c3 d5 11. e5 O-O 12. Be3 Rb8 13. b3 f6 14.
exf6 Bxf6 15. Bd4 Nf5 16. Bxf6 Qxf6 17. Qd3 a5 18. Kh1 Rb6 19. Re1 Ba6 20. Qd2 c5 21. Na3 a4 22. Rab1 axb3 23. axb3 Rfb8 24. b4 cxb4 25. Rxb4 Rxb4 26. cxb4 Nd4 27. b5 Nxb5 28. Nc2 Rc8 29. Ne3 Nc3 30. Ng4 Qg7 31. Rxe6 Bb7 32.
Nf6+ Kf7 33. Rb6 Kf8 34. h3 Qc7 35. Qb2 Na4 36. Qb4+ Nc5 37. Qxc5+ Qxc5 38. Nd7+ Kg7 39. Nxc5 Rxc5 40. Rxb7+ Kf6 41. Rd7 Rc3 42. Kh2 h5 43. Rd6+ Kf5 44. Rxd5+ 1-0

[Event "*** Titled Tuesday Blitz AM"]
[Site "Chess.com"]
[Date "2020.01.07"]
[Round "6"]
[White "Tayson_7"]
[Black "JSMastropiero"]
[Result "1-0"]
[WhiteElo "2567"]
[BlackElo "2393"]
[TimeControl "180+2"]
[EndTime "10:18:46 PST"]
[Termination "Tayson_7 won by resignation"]

1. e4 c5 2. Nf3 e6 3. d4 cxd4 4. Nxd4 a6 5. Nc3 Qc7 6. Be3 Nf6 7. Qf3 Nc6 8. O-O-O Ne5 9. Qg3 d6 10. f4 Ng6 11.
Be2 Bd7 12. Kb1 h5 13. Rhe1 h4 14. Qf2 b5 15. Bf3 Rc8 16. Nd5 exd5 17. exd5 Be7 18.
Nc6 Bxc6 19. dxc6 O-O 20. Bb6 Qb8 21. g4 Rfe8 22. g5 Nxf4 23. c7 Rxc7 24. Bxc7 Qxc7 25. gxf6 gxf6 26. Bd5 Nxd5 27. Rg1+ Kf8 28. Qxh4 Bd8 29.
Qh8+ Ke7 30. Rde1+ Kd7 31. Qxe8+ Kc8 32. Rg8 f5 33. h4 f4 34. h5 Ne3 35. Qxd8+ Qxd8 36. Rxd8+ Kxd8 37. h6 f3 38. Rxe3 f2 39. Rf3 1-0

[Event "*** Titled Tuesday Blitz AM"]
[Site "Chess.com"]
[Date "2020.01.07"]
[Round "6"]
[White "mortngabriel"]
[Black "IwkooO"]
[Result "0-1"]
[WhiteElo "2385"]
[BlackElo "2565"]
[TimeControl "180+2"]
[EndTime "10:18:48 PST"]
[Termination "IwkooO won by resignation"]

1. d4 Nf6 2. Nc3 e6 3. e4 Bb4 4. e5 Nd5 5. Bd2 d6 6. Nf3 dxe5 7. Nxe5 Nd7 8. Nxd5 Bxd2+ 9. Qxd2 Nxe5 10. dxe5 Qxd5 11.
Qxd5 exd5 12. Bd3 Ke7 13. Kd2 c5 14. c3 b6 15. f4 Bb7 16. Rae1 Rad8 17. Rhf1 d4 18. Be4 dxc3+ 19. Kxc3 Ba6 20. Rf2 Rd4 21. Rd2 Rhd8 22. Rxd4 Rxd4 23. b3 g6 24. g4 f6 25. f5 fxe5 26. fxg6 hxg6 27. h4 Kf7 28. h5 gxh5 29. gxh5 Kg7 30. Bg6 Kf6 31. Be4 Kg5 32.
Bg6 Kf6 33. Be4 Kg7 34. Bg6 Rd5 35. Be4 Rd6 36. Bf3 Rd3+ 0-1

[Event "*** Titled Tuesday Blitz AM"]
[Site "Chess.com"]
[Date "2020.01.07"]
[Round "6"]
[White "Rainbow2014"]
[Black "GelmanAlexander"]
[Result "1-0"]
[WhiteElo "2276"]
[BlackElo "2454"]
[TimeControl "180+2"]
[EndTime "10:18:48 PST"]
[Termination "Rainbow2014 won on time"]

1. e4 c5 2. Nf3 e6 3. d4 cxd4 4. Nxd4 d6 5. Nc3 a6 6. Be2 Nf6 7. O-O Nbd7 8. Bg5 h6 9. Be3 b5 10. a3 Bb7 11. Bd3 Rc8 12. f4 Rxc3 13. bxc3 Nxe4 14.
c4 bxc4 15. Bxc4 Be7 16. Bxe6 Ndc5 17. Ba2 O-O 18. Nf5 Bf6 19. Qg4 Kh7 20. Nd4 Nc3 21. Bc4 Kg8 22. Rae1 N5e4 23. Nf5 Kh7 24. Ng3 d5 25.
Bd3 g6 26. f5 g5 27. Nh5 Be5 28.
f6 Bc8 29. Qf3 Qd6 30. Ng3 Kg8 31. Qh5 Kh7 32. Bxg5 Qb6+ 33. Kh1 Kg8 34. Qxh6 Nxg3+ 35. hxg3 1-0

[Event "*** Titled Tuesday Blitz AM"]
[Site "Chess.com"]
[Date "2020.01.07"]
[Round "6"]
[White "viktorskliarov"]
[Black "ori99"]
[Result "0-1"]
[WhiteElo "2570"]
[BlackElo "2088"]
[TimeControl "180+2"]
[EndTime "10:18:49 PST"]
[Termination "ori99 won by resignation"]

1. e4 c5 2. Nf3 e6 3. c3 Nf6 4. Bd3 d5 5. e5 Nfd7 6. Bc2 d4 7.
cxd4 cxd4 8. O-O Be7 9. Qe2 Nc6 10. Re1 g5 11. Ba4 Nc5 12. Bxc6+ bxc6 13. d3 Ba6 14. Rd1 g4 15. Ne1 h5 16. b4 Na4 17. Ba3 Bb5 18.
Rc1 Qd5 19. Nd2 a5 20. Ne4 Qxe5 21. Rab1 f5 22. Ng3 Qxe2 23. Nxe2 e5 24. Rb3 axb4 25. Bxb4 f4 26. Bxe7 Kxe7 27. f3 Kd6 28. g3 Nc5 29. Rxb5 cxb5 30. gxf4 Rhc8 31. fxe5+ Kxe5 32. f4+ Kd5 33.
Ng3 Rxa2 34. Nxh5 Rf8 35. Rb1 Rf5 36. Ng3 Rxf4 37. Rxb5 Ra1 38. Ne4 Rxe1+ 39. Kg2 Rexe4 40. dxe4+ Rxe4 41. Kg3 d3 42. Rb8 Kc4 43. Rd8 Rd4 44.
Rxd4+ Kxd4 45. Kf2 Ne4+ 46. Ke1 Ke3 47. Kd1 d2 0-1

[Event "*** Titled Tuesday Blitz AM"]
[Site "Chess.com"]
[Date "2020.01.07"]
[Round "6"]
[White "ExcitingTrap"]
[Black "kinga2008"]
[Result "1-0"]
[WhiteElo "2312"]
[BlackElo "1838"]
[TimeControl "180+2"]
[EndTime "10:18:50 PST"]
[Termination "ExcitingTrap won by resignation"]

1. e4 c5 2. Nf3 d6 3. Bb5+ Bd7 4. Bxd7+ Nxd7 5. O-O g6 6. Qe2 Bg7 7. Rd1 Ngf6 8. c3 O-O 9. d4 cxd4 10. cxd4 Qc7 11. Nc3 a6 12. e5 Ne8 13. Nd5 Qd8 14. Bg5 f6 15. exf6 exf6 16. Qe6+ Kh8 17. Bf4 Nb6 18. Rac1 Nxd5 19. Qxd5 Qb6 20. b3 Rd8 21. Nd2 Nc7 22.
Qc4 Nb5 23. d5 f5 24. Nf3 Bb2 25. Rc2 Bg7 26. Qb4 a5 27. Qd2 Na3 28. Be3 Qb4 29. Rc7 b5 30. Qxb4 axb4 31. Bd2 Rc8 32. Rdc1 Rxc7 33. Rxc7 Re8 34. Bxb4 Nb1 35. Rc1 Rb8 36. Rxb1 Ra8 37. a3 Kg8 38. Bxd6 1-0

[Event "*** Titled Tuesday Blitz AM"]
[Site "Chess.com"]
[Date "2020.01.07"]
[Round "6"]
[White "Flawless_Fighter"]
[Black "korbul"]
[Result "1-0"]
[WhiteElo "2468"]
[BlackElo "2630"]
[TimeControl "180+2"]
[EndTime "10:18:51 PST"]
[Termination "Flawless_Fighter won by checkmate"]

1. e4 c5 2. Nf3 e6 3. g3 a6 4. Bg2 Nc6 5. O-O Nf6 6. Re1 Qc7 7. b3 Be7 8. e5 Ng4 9. Qe2 h5 10. Bb2 b6 11. h3 Nh6 12. c4 Nf5 13. Nc3 Bb7 14. Ne4 Ncd4 15. Nxd4 cxd4 16. f4 a5 17. Qf2 Bc5 18. Kh2 O-O-O 19. a3 h4 20. g4 Ng3 21.
Bxd4 Nxe4 22. Bxe4 f5 23. Bxb7+ Kxb7 24. gxf5 exf5 25.
Rg1 d6 26. exd6 Rxd6 27. Rxg7 Rd7 28. Rxd7 Qxd7 29. Qg2+ Ka7 30. Bxh8 Qd3 31. b4 Bd6 32. Be5 Bxe5 33. fxe5 Qxc4 34. Rf1 a4 35. Rxf5 Qb3 36. Rg5 Qxa3 37. Rg7+ Ka6 38. Qf1+ b5 39. Qf6# 1-0

[Event "*** Titled Tuesday Blitz AM"]
[Site "Chess.com"]
[Date "2020.01.07"]
[Round "6"]
[White "sandromareco"]
[Black "Nathan_Filgueiras"]
[Result "1-0"]
[WhiteElo "2774"]
[BlackElo "2310"]
[TimeControl "180+2"]
[EndTime "10:18:51 PST"]
[Termination "sandromareco won by resignation"]

1. d4 Nf6 2. Nf3 e6 3. Bf4 b6 4. e3 Bb7 5. h3 Be7 6. Bh2 c5 7. Be2 O-O 8. O-O d6 9. a4 a6 10. c3 Nbd7 11. Nbd2 cxd4 12. exd4 Re8 13. Re1 Nf8 14. Qb3 Qc7 15. Nc4 N8d7 16. Nfd2 Bd5 17. Qa3 Qc6 18. Ne3 Ne4 19. Nxd5 exd5 20. Nf1 Bh4 21.
g3 Be7 22. Bf3 Ndf6 23. Qb3 Bf8 24. Bg2 b5 25. Qc2 b4 26. Rac1 bxc3 27. bxc3 Rac8 28. g4 h6 29. Qb3 Qc4 30. Qxc4 Rxc4 31. Ne3 Rxc3 32. Rb1 Nd2 33. Rbd1 Nc4 34. Nxd5 Rxe1+ 35. Rxe1 Nxd5 36. Bxd5 Nb6 37. Bb7 g6 38. Re8 Kg7 39.
a5 Nc4 40. Rc8 Rc1+ 41. Kg2 Rc2 42. Bxa6 Na3 43. Rxc2 Nxc2 44. Bb5 Nxd4 45. Bd7 d5 46. Be5+ 1-0